AoeStats
← CL83

Arabia

503515159Analyzed
1v1 RM · 1mo ago on Sep 1, 2026· 57m 7s· 2 players
Game mode
Random Map
Map size
Tiny (2 player)
Population
200
Speed
Normal
Resources
Standard
Victory
Conquest
Starting age
Dark Age
Ending age
Imperial Age
RankedLock teamsTeams togetherTeam positionsShared explorationLock speedFull tech treeHidden civsTurbo modeCheats
Victory
Defeat
🇦🇷 Persians · Argentina
1096
+17
🇨🇦 Poles · Canada
1109
-17
Sir_Malmsteen
6:13 Loom
18:30 Feudal Age
19:58 Double-Bit Axe
19:54 Horse Collar
26:36 Forging
30:20 Bloodlines
34:49 Castle Age
33:55 Gold Mining
38:18 Bow Saw
41:18 Wheelbarrow
43:55 Scale Barding Armor
48:18 Husbandry
48:55 Light Cavalry
50:35 Devotion
55:31 Chain Barding Armor
55:53 Heavy Plow
56:12 Hand Cart
57:33 Iron Casting
CL83
7:06 Loom
7:20 Loom
10:51 Feudal Age
15:28 Fletching
25:33 Horse Collar
29:59 Castle Age
30:38 Bodkin Arrow
30:25 Crossbowman
44:44 Imperial Age
44:17 Forging
50:41 Lechitic Legacy
55:58 Scale Barding Armor
Connection lost

Rejoining the realm…

Still unreachable

The connection could not be restored.

Session expired

The server has moved on; the page needs a fresh start.